 Dungeon Crawl Stone Soup version 0.24.0-13-gcf9b3192b9 (webtiles) character file.

Game seed: 15028768375236553056, levelgen mode: deterministic

67 Bram the Sneak (level 4, -3/26 HPs)
             Began as a Kobold Ice Elementalist on Nov 6, 2019.
             Slain by Natasha (6 damage)
             ... on level 1 of the Dungeon.
             The game lasted 00:06:59 (2377 turns).

Bram the Sneak (Kobold Ice Elementalist)            Turns: 2377, Time: 00:07:00

Health: -3/26      AC:  6    Str:  5    XL:     4   Next: 38%
Magic:  4/7        EV: 16    Int: 17    God:
Gold:   130        SH:  0    Dex: 15    Spells: 4/7 levels left

rFire    . . .     SeeInvis .   j - +0 dagger
rCold    . . .     Gourm    .   (shield restricted)
rNeg     . . .     Faith    .   a - +0 robe
rPois    .         Spirit   .   (no helmet)
rElec    .         Reflect  .   (no cloak)
rCorr    .         Harm     .   f - +2 pair of gloves
MR       .....                  n - +0 pair of boots
Stlth    +++.......             (no amulet)
HPRegen  0.08/turn              (no ring)
MPRegen  0.10/turn              (no ring)

@: hasted, very quick
A: small, carnivore
a: no special abilities


You were on level 1 of the Dungeon.
You were not hungry.

You visited 1 branch of the dungeon, and saw 2 of its levels.

You collected 130 gold pieces.

Inventory:

Hand Weapons
 h - a +0 hunting sling
 j - a +0 dagger (weapon)
Missiles
 d - 116 stones (quivered)
 e - 43 arrows
Armour
 a - a +0 robe (worn)
 f - a +2 pair of gloves (worn)
 n - a +0 pair of boots (worn)
Jewellery
 l - an uncursed ring of protection from magic {unknown}
Wands
 o - a wand of digging (3)
Scrolls
 b - a scroll of blinking {unknown}
 g - a scroll of teleportation {unknown}
 i - 4 scrolls of remove curse {unknown}
 m - 2 scrolls of identify {unknown}
Comestibles
 c - 2 rations


   Skills:
 + Level 1.7 Fighting
 + Level 3.3 Dodging
 - Level 4.0 Stealth
 - Level 2.1 Spellcasting
 + Level 2.0 Conjurations
 - Level 3.0 Ice Magic


You had 4 spell levels left.
You knew the following spells:

 Your Spells              Type           Power        Failure   Level  Hunger
a - Freeze                Ice            ##..         5%          1    #......
b - Throw Frost           Conj/Ice       ##....       11%         2    ###....

Your spell library contained the following spells:

 Spells                   Type           Power        Failure   Level  Hunger
 Ozocubu's Armour         Chrm/Ice       #.......     30%         3    ###....
 Throw Icicle             Conj/Ice       ##......     56%         4    #####..
 Summon Ice Beast         Ice/Summ       #.......     71%         4    #####..


Dungeon Overview and Level Annotations

Branches:
Dungeon (2/15)

Altars:

Annotations:
D:1 Natasha


Innate Abilities, Weirdness & Mutations

You are small and have problems with some larger weapons.
You are carnivorous and can eat meat at any time.


Message History

Confirm with . or Enter, or press ? or * to list all spells.
Aiming: Freeze (safe; 5% risk of failure)
Press: ? - help, Shift-Dir - straight line, f/p - Natasha
Aim: Natasha (lightly wounded, unusually agile)
You freeze Natasha.
Natasha is moderately wounded.
Natasha claws you.
* * * LOW HITPOINT WARNING * * *
It was a potion of haste.
You feel yourself speed up. Natasha completely misses you.
You aren't carrying any potions.
Casting: Freeze (safe; 5% risk of failure)
Confirm with . or Enter, or press ? or * to list all spells.
Aiming: Freeze (safe; 5% risk of failure)
Press: ? - help, Shift-Dir - straight line, f/p - Natasha
Aim: Natasha (moderately wounded, unusually agile)
You freeze Natasha.
Natasha is heavily wounded.
Natasha claws you.
You die...

....# #.# ##.....#
#.# #. ..###
#.#######.#.######.#
#. ..#
#...............†..#
#. ..#
###.....#.#.########
#. ..# #..###..#..#
#. ..# #..# #..##.#
#. #.# #..###..#.##
####. ###
##.....h.#### #....
#.###### #......@...#
#.### ##.....#
#.#.###....# #.##†
#.####.# #.### ###..#
#.##. .## #.# #.#
#..# #.##. ## #.# #.#
#..# #.##. ## #.# #.#
#..# #.##.
.#####.###.# #..#
#.##. .8#.....##.#
#..# #.##.
..'.##..##.#######..#
#.##.


You could see Natasha.

Vanquished Creatures
  2 adders
  A worm (D:2)
  3 dart slugs
  3 leopard geckos
  3 giant cockroaches
  A goblin (D:2)
  5 hobgoblins
  5 kobolds
  A quokka (D:2)
  5 bats
  4 frilled lizards
  5 rats
38 creatures vanquished.

Notes
Turn   | Place    | Note
-------+----------+-------------------------------------------
     0 | D:1      | Bram the Kobold Ice Elementalist began the quest for the
                  | Orb.
     0 | D:1      | Reached XP level 1. HP: 10/10 MP: 3/3
    66 | D:1      | Reached skill level 3 in Stealth
   296 | D:1      | Reached XP level 2. HP: 15/15 MP: 1/5
   552 | D:1      | Reached skill level 4 in Stealth
   588 | D:1      | Learned a level 2 spell: Throw Frost
  1014 | D:2      | Reached XP level 3. HP: 20/20 MP: 2/6
  1136 | D:1      | Reached skill level 1 in Fighting
  1259 | D:1      | Reached XP level 4. HP: 6/25 MP: 0/7
  2009 | D:2      | Noticed Natasha
  2377 | D:1      | Slain by Natasha

Levels and vault maps discovered:
D:1:      kennysheep_arrival_forest, layout_loops_ring
D:2:      layout_loops_cross, minmay_pentomino_v4, uniq_natasha

Skill      XL: |  1  2  3  4 |
---------------+-------------+-----
Stealth        | 3 4 |  4.0
Fighting       | 1 |  1.7
Dodging        | 3 |  3.3
Conjurations   | 2 |  2.0
Spellcasting   | |  2.1
Ice Magic      | |  3.0

Action                   |  1- 3 |  4- 6 || total
-------------------------+-------+-------++-------
Melee: Unarmed           |     1 |       ||     1
       Dagger            |       |     9 ||     9
Throw: Stone             |     1 |       ||     1
 Cast: Freeze            |    45 |    34 ||    79
       Throw Frost       |     1 |     1 ||     2
  Use: Potion            |       |     1 ||     1
 Stab: Sleeping          |       |     3 ||     3
  Eat: Chunk             |     3 |     4 ||     7
Armor: Robe              |     4 |     8 ||    12
Dodge: Dodged            |    26 |    15 ||    41
